 Dungeon Crawl Stone Soup version 0.19-a0-1820-gbf060b2 (webtiles) character file.

410 Grim the Reanimator (level 6, -5/41 HPs)
             Began as a Mummy Necromancer on Oct 6, 2016.
             Slain by an ogre
             ... wielding a +0 giant spiked club
              (28 damage)
             ... on level 4 of the Dungeon.
             The game lasted 00:14:35 (8250 turns).

Grim the Reanimator (Mummy Necromancer)             Turns: 8250, Time: 00:14:36

Health: -5/41      AC:  4    Str: 12    XL:     6   Next: 58%
Magic:  15/18      EV: 12    Int: 16    God:
Gold:   237        SH:  0    Dex: 12    Spells: 4 memorised, 0 levels left

rFire  x . .     SeeInvis .     d - +1 whip (elec)
rCold  + . .     Gourm    .     g - +0 robe
rNeg   + + +     Faith    .     (no shield)
rPois  ∞         Spirit   .     l - +0 helmet
rElec  .         Dismiss  .     (no cloak)
rCorr  .         Reflect  .     j - +0 pair of gloves
MR     .....     Harm     .     (no boots)
Stlth  ++........               (no amulet)
                                (no ring)
                                k - ring of magical power

@: no status effects
A: no food or potions, fire vulnerability, cold resistance 1, negative energy
resistance 3, torment resistance, unbreathing
a: no special abilities


You were on level 4 of the Dungeon.
You were not hungry.

You visited 1 branch of the dungeon, and saw 4 of its levels.

You collected 237 gold pieces.

Inventory:

Hand Weapons
 d - a +1 whip of electrocution (weapon)
Armour
 g - a +0 robe (worn)
 j - a +0 pair of gloves (worn)
 l - a +0 helmet (worn)
Jewellery
 k - a ring of magical power (left hand)
Scrolls
 a - a scroll of blinking
 c - 2 scrolls of remove curse
 e - a scroll of fear {unknown}
 h - a scroll of amnesia {unknown}
 i - a scroll of noise {unknown}
 m - a scroll of random uselessness {unknown}
Books
 b - a book of Necromancy

   Spells                             Type                      Level
   a - Pain                           Necromancy                   1
   b - Animate Skeleton               Necromancy                   1
   c - Vampiric Draining              Necromancy                   3
   d - Regeneration                   Charms/Necromancy            3
   e - Animate Dead                   Necromancy                   4
   f - Control Undead                 Necromancy                   4


   Skills:
 - Level 1.5 Dodging
 - Level 1.5 Stealth
 - Level 2.0 Spellcasting
 + Level 8.0 Necromancy


You couldn't memorise any spells.
You knew the following spells:

 Your Spells              Type           Power        Failure   Level  Hunger
a - Pain                  Necr           ####         1%          1    N/A
b - Animate Skeleton      Necr           N/A          1%          1    N/A
c - Vampiric Draining     Necr           ####......   1%          3    N/A
d - Control Undead        Necr           ####......   10%         4    N/A

Dungeon Overview and Level Annotations

Branches:
Dungeon (4/15)             Temple (0/1) D:4

Altars:
Ashenzari
Nemelex Xobeh

Annotations:
D:3 Psaro's ghost, amateur HuTm


Innate Abilities, Weirdness & Mutations

You do not eat or drink.
Your flesh is vulnerable to fire.
You are immune to poison.
Your flesh is cold resistant. (rC+)
You are immune to negative energy. (rN+++)
You are immune to unholy pain and torment.
You can survive without breathing.


Message History

Aim: an ogre, wielding a giant spiked club (chance to defeat MR: 84%)
The ogre writhes in agony!
The ogre hits you with a giant spiked club!
* * * LOW HITPOINT WARNING * * *
Casting: Pain
Confirm with . or Enter, or press ? or * to list all spells.
Aiming: Pain
Press: ? - help, Shift-Dir - straight line, f/p - ogre
Aim: an ogre, wielding a giant spiked club (lightly wounded, chance to defeat MR: 84%)
The ogre writhes in agony!
The orc wizard gestures wildly while chanting.
Casting: Pain
Confirm with . or Enter, or press ? or * to list all spells.
Aiming: Pain
Press: ? - help, Shift-Dir - straight line, f/p - ogre
Aim: an ogre, wielding a giant spiked club (moderately wounded, chance to defeat MR: 84%)
The ogre barely resists.
The ogre hits you with a giant spiked club!!
Ouch! That really hurt!
You die...

### # #.# ### # #.# #.## #
#.# ##.##### # #.## ##..... #
###..### ###### #
#####......#### # # ######
##..Oo.........### ##
##....#####..@###..###.....##
.###..###.)##...##
##..#####...## ....###
##).)...# ##.########.. #...#
#..#...# #..o.### ### #...#
#.####..# ####...## ....##
#.# #..# ###..### .###.##.#
##..# ##...## ## #...# ##...
##...o # ##.%# #### #####


You could see an ogre and an orc wizard.

Vanquished Creatures
  3 orc priests
  2 orc wizards
  A worker ant (D:3)
  A howler monkey zombie (D:4)
  4 gnolls
  6 adders
  An ooze (D:3)
  A worm (D:2)
  3 dart slugs (D:2)
  7 leopard geckos
  20 orcs
  2 giant cockroaches
  12 goblins
  10 hobgoblins
  9 jackals
  6 kobolds
  2 quokkas
  6 bats
  4 frilled lizards
  7 rats
107 creatures vanquished.

Vanquished Creatures (collateral kills)
  A bat (D:1)
1 creature vanquished.

Vanquished Creatures (others)
  7 fungi (D:3)
  7 plants (D:3)
  17 toadstools (D:3)
31 creatures vanquished.

Grand Total: 139 creatures vanquished

Notes
Turn   | Place    | Note
-------+----------+-------------------------------------------
     0 | D:1      | Grim the Mummy Necromancer began the quest for the Orb.
     0 | D:1      | Reached XP level 1. HP: 13/13 MP: 3/3
   297 | D:1      | Reached XP level 2. HP: 17/19 MP: 0/5
   582 | D:1      | Learned a level 1 spell: Animate Skeleton
   740 | D:1      | Reached skill level 5 in Necromancy
   740 | D:1      | Reached XP level 3. HP: 22/24 MP: 2/6
  1650 | D:2      | Learned a level 3 spell: Vampiric Draining
  1654 | D:2      | Found a sparkling altar of Nemelex Xobeh.
  2355 | D:2      | Reached XP level 4. HP: 30/30 MP: 1/7
  4101 | D:3      | Reached skill level 6 in Necromancy
  4292 | D:3      | Found a shattered altar of Ashenzari.
  4537 | D:3      | Reached XP level 5. HP: 35/35 MP: 5/8
  5364 | D:3      | Reached skill level 7 in Necromancy
  5783 | D:3      | Noticed Psaro's ghost (amateur HuTm)
  6573 | D:3      | Reached XP level 6. HP: 41/41 MP: 9/9
  7881 | D:4      | Learned a level 4 spell: Control Undead
  8035 | D:4      | Reached skill level 8 in Necromancy
  8220 | D:4      | Found a staircase to the Ecumenical Temple.
  8250 | D:4      | Slain by an ogre

Vault maps used:
D:1:      dpeg_arrival_short_road, serial_glass, glass_columns_c,
          glass_columns_a, glass_columns_a, glass_columns_c
D:2:      nemelex_xobeh_ov_fountains_minmay
D:3:      nicolae_ashenzari_panopticon, first_bread, tgw_fedhas

Skill      XL: |  1  2  3  4  5  6 |
---------------+-------------------+-----
Necromancy     | 5 6 7 8 |  8.0
Dodging        | |  1.5
Stealth        | |  1.5
Spellcasting   | |  2.0

Action                   |  1- 3 |  4- 6 || total
-------------------------+-------+-------++-------
Melee: Whip              |    15 |    51 ||    66
 Cast: Pain              |    73 |   164 ||   237
       Animate Skeleton  |     5 |    13 ||    18
  Use: Scroll            |     1 |     3 ||     4
Armor: Robe              |     6 |    18 ||    24
Dodge: Dodged            |    38 |    47 ||    85
